 Dungeon Crawl Stone Soup version 0.31-a0-1620-gcbf77bbcfc (webtiles) character file.

Game seed: 4357855529683497968

581 Laraso the Insei (level 7, 57/57 HPs)
             Began as a Black Draconian Monk on Jan 11, 2024.
             Was a Believer of Uskayaw.
             Quit the game on level 4 of the Dungeon.
             The game lasted 00:07:16 (5015 turns).

Laraso the Insei (Black Draconian Monk)             Turns: 5015, Time: 00:07:17

Health: 57/57      AC:  6    Str: 13    XL:     7   Next: 14%
Magic:  2/7        EV: 13    Int: 10    God:    Uskayaw [**....]
Gold:   263        SH:  0    Dex: 22    Spells: 4/6 levels left

rFire   . .          .
                       - Unarmed
rCold   . . .        c - orb {light}
rNeg    . . .        (body armour unavailable)
rPois   +            (helmet restricted)
rElec   +            (no cloak)
rCorr   .            (no gloves)
SInv    .            (no boots)
Will    .....        (no amulet)
Stlth   +            k - ring of poison resistance
HPRegen 0.29/turn    h - +6 ring of dexterity
MPRegen 0.10/turn

%: no passive effects
@: weak-willed, glowing
A: breathe lightning, AC +6, unfitting armour, electricity resistance,
cold-blooded
a: Breathe Lightning, Renounce Religion, Stomp, Line Pass


You were on level 4 of the Dungeon.
You worshipped Uskayaw.
Uskayaw was noncommittal.
You visited 1 branch of the dungeon, and saw 5 of its levels.

You collected 263 gold pieces.

Inventory:

Armour
 c - an orb of light (worn)
Jewellery
 h - a +6 ring of dexterity (right hand)
 k - a ring of poison resistance (left hand)
 o - a ring of see invisible
Talismans
 d - a dragon-blood talisman
Wands
 r - a wand of charming (9)
Scrolls
 a - a scroll of identify
 f - 2 scrolls of vulnerability
 g - a scroll of fog
Potions
 b - a potion of ambrosia
 e - 2 potions of lignification {unknown}
 i - a potion of enlightenment {unknown}
 j - 2 potions of curing {unknown}
 l - a potion of mutation {unknown}
 m - a potion of resistance {unknown}
 n - a potion of magic {unknown}
 p - 3 potions of might {unknown}
 q - a potion of cancellation {unknown}


   Skills:
 - Level 3.2 Fighting
 - Level 3.0 Long Blades
 - Level 2.6 Dodging
 * Level 5.3 Unarmed Combat
 - Level 3.0 Hexes
 + Level 3.3 Shapeshifting


You had 4 spell levels left.
You knew the following spells:

 Your Spells              Type           Power      Damage    Failure   Level
a - Jinxbite              Hex            12%        N/A       17%         2

Your spell library contained the following spells:

 Spells                   Type           Power      Damage    Failure   Level
 Apportation              Tloc           0%         N/A       36%         1
 Magic Dart               Conj           0%         1d3       36%         1
 Searing Ray              Conj           0%         2d4       50%         2
 Fulminant Prism          Conj/Alch      0%         3d5       98%         4
 Alistair's Intoxication  Alch           0%         N/A       100%        5
 Summon Forest            Summ/Tloc      0%         N/A       100%        5
 Eringya's Noxious Bog    Alch           0%         4d6       100%        6
 Summon Hydra             Summ           0%         N/A       100%        7


Dungeon Overview and Level Annotations

Branches:
Dungeon (5/15)
 Temple: D:4-7

Altars:
Dithmenos
Gozag
Kikubaaqudgha
Nemelex Xobeh
Qazlal
Uskayaw
Vehumet
Yredelemnul

Annotations:
D:2 Sigmund
D:4 2 transporters, mooti9's ghost, amateur DrCK
D:5 Grinder; Prince Ribbit


Innate Abilities, Weirdness & Mutations

You can breathe wild blasts of lightning.
Your glossy black scales are hard. (AC +6)
You cannot fit into any form of body armour.
You are resistant to electric shocks. (rElec)
You are cold-blooded and may be slowed by cold attacks.


Message History

You start resting.
HP restored.
You climb upwards.
Level annotation: 2 transporters, mooti9's ghost, amateur DrCK
There is a stone staircase leading down, spattered with blood here.
You start resting.
A phantom is nearby!
A phantom is nearby!
You beckon some vexing sprites to accompany your attacks.
You feel your willpower being sapped.
Your magical contamination has completely faded away.
The phantom hits you but does no damage.
You hit the phantom but do no damage. You tail-slap the phantom.
The phantom is lightly damaged.
A giggling sprite leaps out and makes the phantom trip over its own feet.
The phantom is lightly damaged.
The phantom completely misses you.
You hit the phantom.
The phantom is heavily damaged.
The phantom closely misses you.
You hit the phantom.
The phantom is heavily damaged.
A giggling sprite leaps out and doodles on the phantom's face.
The phantom is severely damaged.
The phantom barely misses you.
You can now pass through a line of other dancers.
You hit the phantom.
The phantom is severely damaged.
A giggling sprite leaps out and smacks the phantom with its own hand.
The phantom is almost destroyed.
The jinxing sprites lose interest in you.
The phantom barely misses you.
You punch the phantom!
You destroy the phantom!
You have reached level 7!
Your scales start taking on a glossy black colour.
You learn Air Magic much quicker.
You learn Earth Magic much slower.
You can breathe wild blasts of lightning.
You feel insulated.
Unknown command.
Are you sure you want to abandon this character and quit the game? (Confirm with "yes".)

#.........#
#.........#
#..###....#
#....######
##..######## ####....#
>.......#####
#.......#
)...........#
#.##....#
#.#.....##.##
#.####.## #.#.....##.#
#.# #.#
..#.....#..####.####.#
###.............@.#..#
###...............#.##
#.......#........)#W#
..#.#####<.......>#.#
.##.# ###########.#
.##.# #.# .##.## #.#
.##).## #.# .###..###
#.#


There were no monsters in sight!

Vanquished Creatures
  2 ogres (D:4)
  A phantom (D:4)
  A howler monkey (D:4)
  A bombardier beetle (D:3)
  2 iguanas (D:4)
  2 orc wizards (D:4)
  Robin (D:3)
  2 adders
  3 dart slugs
  4 ribbon worms (D:2)
  14 orcs
  7 endoplasms
  3 giant cockroaches
  17 goblins
  11 hobgoblins
  6 jackals
  5 quokkas
  9 ball pythons
  2 bats
  2 frilled lizards
  10 kobolds
  10 rats
115 creatures vanquished.

Notes
Turn   | Place    | Note
-------+----------+-------------------------------------------
     0 | D:1      | Laraso the Draconian Monk began the quest for the Orb.
     0 | D:1      | Reached XP level 1. HP: 19/19 MP: 1/1
   111 | D:1      | Reached skill level 1 in Unarmed Combat
   119 | D:1      | Reached XP level 2. HP: 24/26 MP: 2/2
   244 | D:1      | Reached skill level 1 in Shapeshifting
   295 | D:1      | Reached skill level 2 in Unarmed Combat
   304 | D:1      | Reached XP level 3. HP: 27/31 MP: 3/3
   699 | D:2      | Found a hide-covered altar of Uskayaw.
   731 | D:2      | Became a worshipper of Uskayaw the Reveller
   731 | D:2      | Reached * piety under Uskayaw
   838 | D:2      | Reached ** piety under Uskayaw
  1139 | D:2      | Reached XP level 4. HP: 27/38 MP: 4/4
  1465 | D:2      | Reached skill level 3 in Unarmed Combat
  1822 | D:2      | Found a faded altar of an unknown god.
  1888 | D:2      | Noticed Sigmund
  2521 | D:3      | Reached *** piety under Uskayaw
  2526 | D:3      | Reached **** piety under Uskayaw
  2666 | D:3      | Noticed Robin
  2685 | D:3      | Killed Robin
  2752 | D:3      | Found a radiant altar of Vehumet.
  2927 | D:3      | Found an ancient bone altar of Kikubaaqudgha.
  2927 | D:3      | Found a basalt altar of Yredelemnul.
  2927 | D:3      | Found an opulent altar of Gozag.
  3058 | D:3      | Learned a level 2 spell: Jinxbite
  3408 | D:4      | Found a shadowy altar of Dithmenos.
  3408 | D:4      | Found a sparkling altar of Nemelex Xobeh.
  3409 | D:4      | Found a stormy altar of Qazlal.
  3439 | D:4      | Reached XP level 5. HP: 42/45 MP: 5/5
  3441 | D:4      | Reached skill level 1 in Hexes
  3596 | D:4      | Noticed a phantom
  3758 | D:4      | Found a transporter.
  3792 | D:4      | Found a transporter.
  3795 | D:4      | Noticed mooti9's ghost (amateur DrCK)
  3833 | D:4      | Reached XP level 6. HP: 24/51 MP: 6/6
  4133 | D:5      | Entered Level 5 of the Dungeon
  4133 | D:5      | Noticed Grinder
  4157 | D:5      | Noticed Prince Ribbit
  4164 | D:4      | Reached skill level 4 in Unarmed Combat
  4257 | D:5      | Paralysed by Grinder for 2 turns
  4781 | D:4      | Reached skill level 5 in Unarmed Combat
  5015 | D:4      | Your scales start taking on a glossy black colour.
  5015 | D:4      | Reached XP level 7. HP: 57/57 MP: 2/7
  5015 | D:4      | Gained mutation: You are resistant to electric shocks.
                  | (rElec) [Black Draconian growth]
  5015 | D:4      | Quit the game

Illustrated notes

Levels and vault maps discovered:
D:1:      matt_arrival_diagonals, layout_basic
D:2:      layout_basic, shapermc_ecumenical_altar_hornbeckon, basic_altar,
          nicolae_wormholes, uniq_sigmund
D:3:      layout_basic, gammafunk_temple_overflow_forgotten, old_standard_altar,
          mrwooster_statue_mirror, st_stairs_12, glass_columns_c, uniq_robin
D:4:      layout_rooms, gammafunk_temple_overflow_claw,
          gammafunk_ghost_mausoleum
D:5:      layout_rooms, uniq_prince_ribbit1, uniq_crazy_yiuf_cottage,
          uniq_grinder

Skill      XL: |  1  2  3  4  5  6 |
---------------+-------------------+-----
Unarmed Combat | 1 2 3 5 |  5.3
Shapeshifting  | 1 2 3 |  3.3
Hexes          | 3 |  3.0
Fighting       | |  3.2
Long Blades    | |  3.0
Dodging        | |  2.6

Action                     |  1- 3 |  4- 6 |  7- 9 || total
---------------------------+-------+-------+-------++-------
  Melee: Falchion          |   123 |   127 |       ||   250
         Tailslap          |    22 |    24 |       ||    46
         Unarmed           |       |    34 |       ||    34
   Cast: Jinxbite          |       |     7 |       ||     7
    Use: Scroll            |       |     8 |       ||     8
   Stab: Paralysed         |       |     5 |       ||     5
 Armour: Skin              |    56 |    80 |       ||   136
  Dodge: Dodged            |    80 |    99 |       ||   179
         Form:             |     1 |     2 |       ||     3
         Dragon            |     1 |     2 |       ||     3

Table legend: (Time is in decaauts)
 A = Elapsed time spent in this place.
 B = Non-inter-level travel time spent in this place.
 C = Inter-level travel time spent in this place.
 D = Time resting spent in this place.
 E = Time spent auto-exploring this place.
 F = Levels seen in this place.
 G = Mean time per level.
                   A        B        C        D        E       F      G
               +--------+--------+--------+--------+--------+-----+--------+
         Total |   5069 |   4704 |    365 |   1097 |   2734 |   5 | 1013.8 |
       Dungeon |   5069 |   4704 |    365 |   1097 |   2734 |   5 | 1013.8 |
               +--------+--------+--------+--------+--------+-----+--------+

Top non-repeatable levels by time:
     D:4: 1562 daAuts
     D:2: 1388 daAuts
     D:3: 1124 daAuts
     D:1: 948 daAuts
     D:5: 45 daAuts
